 Dungeon Crawl Stone Soup version 0.28-a0-863-g8cecda6153 (webtiles) character file.

Game seed: 10498026816637827024

2 siradein the Grave Robber (level 1, 0/13 HPs)
             Began as a Demonspawn Necromancer on Nov 16, 2021.
             Slain by a jackal (1 damage)
             ... on level 1 of the Dungeon.
             The game lasted 00:00:22 (36 turns).

siradein the Grave Robber (Demonspawn Necromancer)    Turns: 36, Time: 00:00:22

Health: 0/13       AC:  2    Str:  8    XL:     1   Next: 33%
Magic:  0/3        EV: 12    Int: 16    God:
Gold:   0          SH:  0    Dex: 13    Spells: 3/4 levels left

rFire   . . .      SeeInvis .   (no weapon)
rCold   . . .      Faith    .   (no shield)
rNeg    . . .      Spirit   .   a - +0 robe
rPois   .          Reflect  .   (no helmet)
rElec   .          Harm     .   (no cloak)
rCorr   .          Rampage  .   (no gloves)
Will    .....                   (no boots)
Stlth   ++........              (no amulet)
HPRegen 0.04/turn               (no ring)
MPRegen 0.08/turn               (no ring)

@: no status effects
A: no striking features
a: no special abilities


You were on level 1 of the Dungeon.
You visited 1 branch of the dungeon, and saw 1 of its levels.

Inventory:

Armour
 a - a +0 robe (worn)


   Skills:
 + Level 1.8 Dodging
 - Level 1.7 Stealth
 + Level 2.0 Spellcasting
 + Level 4.4 Necromancy


You had 3 spell levels left.
You knew the following spells:

 Your Spells              Type           Power      Damage    Failure   Level
a - Pain                  Necr           60%        1d7       3%          1

Your spell library contained the following spells:

 Spells                   Type           Power      Damage    Failure   Level
 Animate Skeleton         Necr           30%        N/A       3%          1
 Vampiric Draining        Necr           15%        2d7       10%         3
 Animate Dead             Necr           7%         N/A       32%         4
 Agony                    Necr           15%        N/A       67%         5


Dungeon Overview and Level Annotations

Branches:
Dungeon (1/15)

Altars:


Message History

You closely miss the jackal. The jackal bites you.
You closely miss the jackal. The jackal barely misses you.
You miss the jackal. The jackal barely misses you. The jackal bites you.
Aiming: Pain (safe; 3% risk of failure)
Press: ? - help, Q - select action Shift-Dir - straight line, f/p - jackal
Aim: a jackal (chance to affect: 85%)
The jackal writhes in agony.
The jackal barely misses you.
Unknown command.
You hit the jackal but do no damage.
The jackal is almost dead.
The jackal barely misses you. The jackal completely misses you.
You closely miss the jackal.
The jackal is almost dead.
The jackal misses you.
You closely miss the jackal.
The jackal is almost dead.
The jackal barely misses you.
You hit the jackal but do no damage.
The jackal is almost dead.
The jackal closely misses you. The jackal completely misses you.
You hit the jackal.
You kill the jackal!
The jackal bites you.
You hit the jackal but do no damage. The jackal misses you.
You hit the jackal but do no damage. The jackal closely misses you.
The jackal bites you.
You hit the jackal but do no damage. The jackal bites you.
You hit the jackal but do no damage. The jackal bites you.
* * * LOW HITPOINT WARNING * * *
You closely miss the jackal. The jackal bites you.
* * * LOW HITPOINT WARNING * * *
The jackal closely misses you.
You barely miss the jackal. The jackal barely misses you.
Aiming: Pain (safe; 3% risk of failure)
Press: ? - help, Q - select action Shift-Dir - straight line, f/p - jackal
Aim: a jackal (chance to affect: 85%)
The jackal writhes in agony.
The jackal bites you.
You die...

######### ..##...@hgr##
.....#####..###########
....#.(...#..##........
#..#.......#g.#..†.....
#....<....#r'........
...#.......#..#........
....#.....#..##........
#....#####..###########
##... ...##


You could see a quokka, a jackal and a hobgoblin.

Vanquished Creatures
  2 jackals (D:1)
2 creatures vanquished.

Notes
Turn   | Place    | Note
-------+----------+-------------------------------------------
     0 | D:1      | siradein the Demonspawn Necromancer began the quest for the
                  | Orb.
     0 | D:1      | Reached XP level 1. HP: 13/13 MP: 3/3
    36 | D:1      | Slain by a jackal

Illustrated notes

Levels and vault maps discovered:
D:1:      scummos_arrival_hexagon, layout_basic,
          hellmonk_ecumenical_altar_prayer_group

Action                   || total
-------------------------++-------
Melee: Unarmed           ||    15
 Cast: Pain              ||     4
Dodge: Dodged            ||    18

Table legend: (Time is in decaauts)
 A = Elapsed time spent in this place.
 B = Non-inter-level travel time spent in this place.
 C = Inter-level travel time spent in this place.
 D = Time resting spent in this place.
 E = Time spent auto-exploring this place.
 F = Levels seen in this place.
 G = Mean time per level.
                   A        B        C        D        E       F      G
               +--------+--------+--------+--------+--------+-----+--------+
         Total |     36 |     36 |      0 |      0 |      6 |   1 |   36.0 |
       Dungeon |     36 |     36 |      0 |      0 |      6 |   1 |   36.0 |
               +--------+--------+--------+--------+--------+-----+--------+

Top non-repeatable levels by time:
     D:1: 36 daAuts
